Workbook
Name BF: PARAMETRES!$J$18:$J$21
Name CATEGORIE: PARAMETRES!$L$4:$L$11
Name CHANTIER: PARAMETRES!$C$4:$C$6
Name CLIENTS: PARAMETRES!$A$4:$A$6
Name DGD: PARAMETRES!$N$4
Name DONNEES: DONNEES!$A$2:$Y$9
Name ES: PARAMETRES!$H$4:$H$5
Name FOURNISSEURS: PARAMETRES!$E$4:$E$15
Name RG: PARAMETRES!$J$11:$J$14
Name TVA: PARAMETRES!$J$4:$J$7

Sheet DONNEES
A1: ENTREES/SORTIES | B1: CHANTIER | C1: DATE DU DOCUMENT | D1: ANNEE | E1: N° FACTURE ENTREE | F1: N°SITUATION ENTREE | G1: DGD ENTREE | H1: CLIENT ENTREE | I1: AVC HT ENTREE | J1: TVA ENTREE % | K1: RG ENTREE % | L1: BF ENTREE % | M1: TVA ENTREE | N1: RG TTC ENTREE | O1: BF TTC ENTREE | P1: RET TTC ENTREE | Q1: TTC ENTREE | R1: FOURNISSEUR SORTIE | S1: CATEGORIE SORTIE | T1: HT SORTIE | U1: TVA SORTIE | V1: TTC SORTIE | W1: ECHEANCE | X1: DATE DE PAIEMENT | Y1: STATUT | Z1: CATEGORIE ENTREE | AA1: CATEGORIE ENTREE SORTIE | AB1: MONTANT ENCAISSE | AC1: MONTANT DEPENSE | AD1: MONTANT MARCHE | AE1: COMMENTAIRES
A2: entree | B2: restanques 2 | C2: 44729 | D2: =IF(C2="","",YEAR(C2)) -> 2022 | E2: f-2206680 | F2: 1 | G2: SIT | H2: =IF(A2="sortie","",IF(AND(A2="entree",B2=""),"",INDEX('PARAMETRES CHANTIER'!$C$3:$C$10003,MATCH(DONNEES!B2,'PARAMETRES CHANTIER'!$B$3:$B$10003,0),MATCH(DONNEES!$H$1,'PARAMETRES CHANTIER'!$C$2)))) -> ovatis | I2: 32778.69 | J2: =IF(A2="sortie","",IF(AND(A2="entree",B2=""),"",INDEX('PARAMETRES CHANTIER'!$D$3:$D$100003,MATCH(DONNEES!B2,'PARAMETRES CHANTIER'!$B$3:$B$10003,0),MATCH(DONNEES!$J$1,'PARAMETRES CHANTIER'!$D$2)))) -> 0 | K2: =IF(A2="sortie","",IF(AND(A2="entree",B2=""),"",INDEX('PARAMETRES CHANTIER'!$E$3:$E$100003,MATCH(DONNEES!B2,'PARAMETRES CHANTIER'!$B$3:$B$10003,0),MATCH(DONNEES!$J$1,'PARAMETRES CHANTIER'!$E$2)))) -> 0.05 | L2: =IF(A2="sortie","",IF(AND(A2="entree",B2=""),"",INDEX('PARAMETRES CHANTIER'!$F$3:$F$100003,MATCH(DONNEES!B2,'PARAMETRES CHANTIER'!$B$3:$B$10003,0),MATCH(DONNEES!$K$1,'PARAMETRES CHANTIER'!$F$2)))) -> 0 | M2: =IF(I2<>"",I2*J2,"") -> 0 | N2: =IF(I2="","",(I2+I2*J2)*K2) -> 1638.9345 | O2: =IF(I2="","",(I2+I2*J2)*L2) -> 0 | P2: 0 | Q2: =IF(I2="","",I2-N2-O2-P2+M2) -> 31139.756 | V2: =IF(T2="","",T2+T2*U2) | W2: 44788 | X2: 44805 | Y2: =IF(OR(A2="entree",A2="sortie"),IF(X2<>"","PAYE","EN ATTENTE"),"") -> PAYE | Z2: =IF(A2="entree","factures","") -> factures | AA2: =IF(Z2<>"",Z2,S2) -> factures | AB2: =+IF(AND(Y2="PAYE",A2="entree"),(I2-N2-O2-P2),"") -> 31139.756 | AC2: =IF(AND(Y2="PAYE",A2="sortie"),T2,"") | AD2: 177440.36
A3: sortie | B3: la diane | C3: 44730 | D3: =IF(C3="","",YEAR(C3)) -> 2022 | H3: =IF(A3="sortie","",IF(AND(A3="entree",B3=""),"",INDEX('PARAMETRES CHANTIER'!$C$3:$C$10003,MATCH(DONNEES!B3,'PARAMETRES CHANTIER'!$B$3:$B$10003,0),MATCH(DONNEES!$H$1,'PARAMETRES CHANTIER'!$C$2)))) | J3: =IF(A3="sortie","",IF(AND(A3="entree",B3=""),"",INDEX('PARAMETRES CHANTIER'!$D$3:$D$100003,MATCH(DONNEES!B3,'PARAMETRES CHANTIER'!$B$3:$B$10003,0),MATCH(DONNEES!$J$1,'PARAMETRES CHANTIER'!$D$2)))) | K3: =IF(A3="sortie","",IF(AND(A3="entree",B3=""),"",INDEX('PARAMETRES CHANTIER'!$E$3:$E$100003,MATCH(DONNEES!B3,'PARAMETRES CHANTIER'!$B$3:$B$10003,0),MATCH(DONNEES!$J$1,'PARAMETRES CHANTIER'!$E$2)))) | L3: =IF(A3="sortie","",IF(AND(A3="entree",B3=""),"",INDEX('PARAMETRES CHANTIER'!$F$3:$F$100003,MATCH(DONNEES!B3,'PARAMETRES CHANTIER'!$B$3:$B$10003,0),MATCH(DONNEES!$K$1,'PARAMETRES CHANTIER'!$F$2)))) | M3: =IF(I3<>"",I3*J3,"") | N3: =IF(I3="","",(I3+I3*J3)*K3) | O3: =IF(I3="","",(I3+I3*J3)*L3) | Q3: =IF(I3="","",I3-N3-O3-P3+M3) | S3: materiaux | T3: 100 | U3: 0.2 | V3: =IF(T3="","",T3+T3*U3) -> 120 | W3: 44760 | X3: 44822 | Y3: =IF(OR(A3="entree",A3="sortie"),IF(X3<>"","PAYE","EN ATTENTE"),"") -> PAYE | Z3: =IF(A3="entree","factures","") | AA3: =IF(Z3<>"",Z3,S3) -> materiaux | AB3: =+IF(AND(Y3="PAYE",A3="entree"),(I3-N3-O3-P3),"") | AC3: =IF(AND(Y3="PAYE",A3="sortie"),T3,"") -> 100
A4: sortie | B4: la diane | C4: 44731 | D4: =IF(C4="","",YEAR(C4)) -> 2022 | H4: =IF(A4="sortie","",IF(AND(A4="entree",B4=""),"",INDEX('PARAMETRES CHANTIER'!$C$3:$C$10003,MATCH(DONNEES!B4,'PARAMETRES CHANTIER'!$B$3:$B$10003,0),MATCH(DONNEES!$H$1,'PARAMETRES CHANTIER'!$C$2)))) | J4: =IF(A4="sortie","",IF(AND(A4="entree",B4=""),"",INDEX('PARAMETRES CHANTIER'!$D$3:$D$100003,MATCH(DONNEES!B4,'PARAMETRES CHANTIER'!$B$3:$B$10003,0),MATCH(DONNEES!$J$1,'PARAMETRES CHANTIER'!$D$2)))) | K4: =IF(A4="sortie","",IF(AND(A4="entree",B4=""),"",INDEX('PARAMETRES CHANTIER'!$E$3:$E$100003,MATCH(DONNEES!B4,'PARAMETRES CHANTIER'!$B$3:$B$10003,0),MATCH(DONNEES!$J$1,'PARAMETRES CHANTIER'!$E$2)))) | L4: =IF(A4="sortie","",IF(AND(A4="entree",B4=""),"",INDEX('PARAMETRES CHANTIER'!$F$3:$F$100003,MATCH(DONNEES!B4,'PARAMETRES CHANTIER'!$B$3:$B$10003,0),MATCH(DONNEES!$K$1,'PARAMETRES CHANTIER'!$F$2)))) | M4: =IF(I4<>"",I4*J4,"") | N4: =IF(I4="","",(I4+I4*J4)*K4) | O4: =IF(I4="","",(I4+I4*J4)*L4) | Q4: =IF(I4="","",I4-N4-O4-P4+M4) | S4: beton | T4: 200 | U4: 0.2 | V4: =IF(T4="","",T4+T4*U4) -> 240 | W4: 44761 | Y4: =IF(OR(A4="entree",A4="sortie"),IF(X4<>"","PAYE","EN ATTENTE"),"") -> EN ATTENTE | Z4: =IF(A4="entree","factures","") | AA4: =IF(Z4<>"",Z4,S4) -> beton | AB4: =+IF(AND(Y4="PAYE",A4="entree"),(I4-N4-O4-P4),"") | AC4: =IF(AND(Y4="PAYE",A4="sortie"),T4,"")
A5: sortie | B5: cfa | C5: 44732 | D5: =IF(C5="","",YEAR(C5)) -> 2022 | H5: =IF(A5="sortie","",IF(AND(A5="entree",B5=""),"",INDEX('PARAMETRES CHANTIER'!$C$3:$C$10003,MATCH(DONNEES!B5,'PARAMETRES CHANTIER'!$B$3:$B$10003,0),MATCH(DONNEES!$H$1,'PARAMETRES CHANTIER'!$C$2)))) | J5: =IF(A5="sortie","",IF(AND(A5="entree",B5=""),"",INDEX('PARAMETRES CHANTIER'!$D$3:$D$100003,MATCH(DONNEES!B5,'PARAMETRES CHANTIER'!$B$3:$B$10003,0),MATCH(DONNEES!$J$1,'PARAMETRES CHANTIER'!$D$2)))) | K5: =IF(A5="sortie","",IF(AND(A5="entree",B5=""),"",INDEX('PARAMETRES CHANTIER'!$E$3:$E$100003,MATCH(DONNEES!B5,'PARAMETRES CHANTIER'!$B$3:$B$10003,0),MATCH(DONNEES!$J$1,'PARAMETRES CHANTIER'!$E$2)))) | L5: =IF(A5="sortie","",IF(AND(A5="entree",B5=""),"",INDEX('PARAMETRES CHANTIER'!$F$3:$F$100003,MATCH(DONNEES!B5,'PARAMETRES CHANTIER'!$B$3:$B$10003,0),MATCH(DONNEES!$K$1,'PARAMETRES CHANTIER'!$F$2)))) | M5: =IF(I5<>"",I5*J5,"") | N5: =IF(I5="","",(I5+I5*J5)*K5) | O5: =IF(I5="","",(I5+I5*J5)*L5) | Q5: =IF(I5="","",I5-N5-O5-P5+M5) | S5: beton | T5: 200 | U5: 0.2 | V5: =IF(T5="","",T5+T5*U5) -> 240 | W5: 44762 | Y5: =IF(OR(A5="entree",A5="sortie"),IF(X5<>"","PAYE","EN ATTENTE"),"") -> EN ATTENTE | Z5: =IF(A5="entree","factures","") | AA5: =IF(Z5<>"",Z5,S5) -> beton | AB5: =+IF(AND(Y5="PAYE",A5="entree"),(I5-N5-O5-P5),"") | AC5: =IF(AND(Y5="PAYE",A5="sortie"),T5,"")
A6: sortie | B6: cfa | C6: 44733 | D6: =IF(C6="","",YEAR(C6)) -> 2022 | H6: =IF(A6="sortie","",IF(AND(A6="entree",B6=""),"",INDEX('PARAMETRES CHANTIER'!$C$3:$C$10003,MATCH(DONNEES!B6,'PARAMETRES CHANTIER'!$B$3:$B$10003,0),MATCH(DONNEES!$H$1,'PARAMETRES CHANTIER'!$C$2)))) | J6: =IF(A6="sortie","",IF(AND(A6="entree",B6=""),"",INDEX('PARAMETRES CHANTIER'!$D$3:$D$100003,MATCH(DONNEES!B6,'PARAMETRES CHANTIER'!$B$3:$B$10003,0),MATCH(DONNEES!$J$1,'PARAMETRES CHANTIER'!$D$2)))) | K6: =IF(A6="sortie","",IF(AND(A6="entree",B6=""),"",INDEX('PARAMETRES CHANTIER'!$E$3:$E$100003,MATCH(DONNEES!B6,'PARAMETRES CHANTIER'!$B$3:$B$10003,0),MATCH(DONNEES!$J$1,'PARAMETRES CHANTIER'!$E$2)))) | L6: =IF(A6="sortie","",IF(AND(A6="entree",B6=""),"",INDEX('PARAMETRES CHANTIER'!$F$3:$F$100003,MATCH(DONNEES!B6,'PARAMETRES CHANTIER'!$B$3:$B$10003,0),MATCH(DONNEES!$K$1,'PARAMETRES CHANTIER'!$F$2)))) | M6: =IF(I6<>"",I6*J6,"") | N6: =IF(I6="","",(I6+I6*J6)*K6) | O6: =IF(I6="","",(I6+I6*J6)*L6) | Q6: =IF(I6="","",I6-N6-O6-P6+M6) | S6: conso et benne | T6: 150 | U6: 0.2 | V6: =IF(T6="","",T6+T6*U6) -> 180 | W6: 44763 | Y6: =IF(OR(A6="entree",A6="sortie"),IF(X6<>"","PAYE","EN ATTENTE"),"") -> EN ATTENTE | Z6: =IF(A6="entree","factures","") | AA6: =IF(Z6<>"",Z6,S6) -> conso et benne | AB6: =+IF(AND(Y6="PAYE",A6="entree"),(I6-N6-O6-P6),"") | AC6: =IF(AND(Y6="PAYE",A6="sortie"),T6,"")
A7: sortie | B7: cfa | C7: 44734 | D7: =IF(C7="","",YEAR(C7)) -> 2022 | H7: =IF(A7="sortie","",IF(AND(A7="entree",B7=""),"",INDEX('PARAMETRES CHANTIER'!$C$3:$C$10003,MATCH(DONNEES!B7,'PARAMETRES CHANTIER'!$B$3:$B$10003,0),MATCH(DONNEES!$H$1,'PARAMETRES CHANTIER'!$C$2)))) | J7: =IF(A7="sortie","",IF(AND(A7="entree",B7=""),"",INDEX('PARAMETRES CHANTIER'!$D$3:$D$100003,MATCH(DONNEES!B7,'PARAMETRES CHANTIER'!$B$3:$B$10003,0),MATCH(DONNEES!$J$1,'PARAMETRES CHANTIER'!$D$2)))) | K7: =IF(A7="sortie","",IF(AND(A7="entree",B7=""),"",INDEX('PARAMETRES CHANTIER'!$E$3:$E$100003,MATCH(DONNEES!B7,'PARAMETRES CHANTIER'!$B$3:$B$10003,0),MATCH(DONNEES!$J$1,'PARAMETRES CHANTIER'!$E$2)))) | L7: =IF(A7="sortie","",IF(AND(A7="entree",B7=""),"",INDEX('PARAMETRES CHANTIER'!$F$3:$F$100003,MATCH(DONNEES!B7,'PARAMETRES CHANTIER'!$B$3:$B$10003,0),MATCH(DONNEES!$K$1,'PARAMETRES CHANTIER'!$F$2)))) | M7: =IF(I7<>"",I7*J7,"") | N7: =IF(I7="","",(I7+I7*J7)*K7) | O7: =IF(I7="","",(I7+I7*J7)*L7) | Q7: =IF(I7="","",I7-N7-O7-P7+M7) | S7: etude | T7: 70 | U7: 0.2 | V7: =IF(T7="","",T7+T7*U7) -> 84 | W7: 44764 | Y7: =IF(OR(A7="entree",A7="sortie"),IF(X7<>"","PAYE","EN ATTENTE"),"") -> EN ATTENTE | Z7: =IF(A7="entree","factures","") | AA7: =IF(Z7<>"",Z7,S7) -> etude | AB7: =+IF(AND(Y7="PAYE",A7="entree"),(I7-N7-O7-P7),"") | AC7: =IF(AND(Y7="PAYE",A7="sortie"),T7,"")
A8: sortie | B8: cfa | C8: 44735 | D8: =IF(C8="","",YEAR(C8)) -> 2022 | H8: =IF(A8="sortie","",IF(AND(A8="entree",B8=""),"",INDEX('PARAMETRES CHANTIER'!$C$3:$C$10003,MATCH(DONNEES!B8,'PARAMETRES CHANTIER'!$B$3:$B$10003,0),MATCH(DONNEES!$H$1,'PARAMETRES CHANTIER'!$C$2)))) | J8: =IF(A8="sortie","",IF(AND(A8="entree",B8=""),"",INDEX('PARAMETRES CHANTIER'!$D$3:$D$100003,MATCH(DONNEES!B8,'PARAMETRES CHANTIER'!$B$3:$B$10003,0),MATCH(DONNEES!$J$1,'PARAMETRES CHANTIER'!$D$2)))) | K8: =IF(A8="sortie","",IF(AND(A8="entree",B8=""),"",INDEX('PARAMETRES CHANTIER'!$E$3:$E$100003,MATCH(DONNEES!B8,'PARAMETRES CHANTIER'!$B$3:$B$10003,0),MATCH(DONNEES!$J$1,'PARAMETRES CHANTIER'!$E$2)))) | L8: =IF(A8="sortie","",IF(AND(A8="entree",B8=""),"",INDEX('PARAMETRES CHANTIER'!$F$3:$F$100003,MATCH(DONNEES!B8,'PARAMETRES CHANTIER'!$B$3:$B$10003,0),MATCH(DONNEES!$K$1,'PARAMETRES CHANTIER'!$F$2)))) | M8: =IF(I8<>"",I8*J8,"") | N8: =IF(I8="","",(I8+I8*J8)*K8) | O8: =IF(I8="","",(I8+I8*J8)*L8) | Q8: =IF(I8="","",I8-N8-O8-P8+M8) | S8: materiaux | T8: 90 | U8: 0.2 | V8: =IF(T8="","",T8+T8*U8) -> 108 | W8: 44765 | Y8: =IF(OR(A8="entree",A8="sortie"),IF(X8<>"","PAYE","EN ATTENTE"),"") -> EN ATTENTE | Z8: =IF(A8="entree","factures","") | AA8: =IF(Z8<>"",Z8,S8) -> materiaux | AB8: =+IF(AND(Y8="PAYE",A8="entree"),(I8-N8-O8-P8),"") | AC8: =IF(AND(Y8="PAYE",A8="sortie"),T8,"")
A9: sortie | B9: cfa | C9: 44736 | D9: =IF(C9="","",YEAR(C9)) -> 2022 | H9: =IF(A9="sortie","",IF(AND(A9="entree",B9=""),"",INDEX('PARAMETRES CHANTIER'!$C$3:$C$10003,MATCH(DONNEES!B9,'PARAMETRES CHANTIER'!$B$3:$B$10003,0),MATCH(DONNEES!$H$1,'PARAMETRES CHANTIER'!$C$2)))) | J9: =IF(A9="sortie","",IF(AND(A9="entree",B9=""),"",INDEX('PARAMETRES CHANTIER'!$D$3:$D$100003,MATCH(DONNEES!B9,'PARAMETRES CHANTIER'!$B$3:$B$10003,0),MATCH(DONNEES!$J$1,'PARAMETRES CHANTIER'!$D$2)))) | K9: =IF(A9="sortie","",IF(AND(A9="entree",B9=""),"",INDEX('PARAMETRES CHANTIER'!$E$3:$E$100003,MATCH(DONNEES!B9,'PARAMETRES CHANTIER'!$B$3:$B$10003,0),MATCH(DONNEES!$J$1,'PARAMETRES CHANTIER'!$E$2)))) | L9: =IF(A9="sortie","",IF(AND(A9="entree",B9=""),"",INDEX('PARAMETRES CHANTIER'!$F$3:$F$100003,MATCH(DONNEES!B9,'PARAMETRES CHANTIER'!$B$3:$B$10003,0),MATCH(DONNEES!$K$1,'PARAMETRES CHANTIER'!$F$2)))) | M9: =IF(I9<>"",I9*J9,"") | N9: =IF(I9="","",(I9+I9*J9)*K9) | O9: =IF(I9="","",(I9+I9*J9)*L9) | Q9: =IF(I9="","",I9-N9-O9-P9+M9) | S9: materiaux | T9: 600 | U9: 0.2 | V9: =IF(T9="","",T9+T9*U9) -> 720 | W9: 44766 | Y9: =IF(OR(A9="entree",A9="sortie"),IF(X9<>"","PAYE","EN ATTENTE"),"") -> EN ATTENTE | Z9: =IF(A9="entree","factures","") | AA9: =IF(Z9<>"",Z9,S9) -> materiaux | AB9: =+IF(AND(Y9="PAYE",A9="entree"),(I9-N9-O9-P9),"") | AC9: =IF(AND(Y9="PAYE",A9="sortie"),T9,"")

Sheet PARAMETRES
A1: PAS DE MAJUSCULE, NI DE PONCTUATION
A3: CLIENTS | C3: CHANTIER | E3: FOURNISSEURS | H3: ES | J3: TVA | L3: CATEGORIE | N3: DGD
A4: eiffage | C4: la diane | E4: b2m | H4: entree | J4: 0 | L4: beton | N4: AC
A5: ovatis | C5: restanques 2 | E5: ciffreo bona | H5: sortie | J5: 0.05 | L5: conso et benne | N5: DGD
A6: api cfa | C6: cfa | E6: interim nation | J6: 0.1 | L6: etude | N6: SIT
E7: pancha construcoes | J7: 0.2 | L7: ferraillage
E8: point p | L8: main d'œuvre
E9: simc | L9: materiaux
E10: kiloutou | J10: RG | L10: materiel
E11: loc+ | J11: 0 | L11: sous traitant
E12: lafarge | J12: 0.05
E13: ets billotet | J13: 0.1
E14: altor | J14: 0.2
E15: sarl les milles repro
J17: BF
J18: 0
J19: 0.05
J20: 0.1
J21: 0.2

Sheet PARAMETRES CHANTIER
B2: CHANTIER | C2: CLIENT ENTREE | D2: TVA | E2: RG | F2: BF | G2: BASE MARCHE | H2: AV1 | I2: AV2 | J2: AV3 | K2: AV4 | L2: AV5 | M2: AV6 | N2: AV7 | O2: MARCHE TOTAL | P2: FO1 | Q2: FO2 | R2: FO3 | S2: FO4 | T2: FO5 | U2: FO6 | V2: FO7 | W2: FO8 | X2: FO9 | Y2: FO10 | Z2: FO11 | AA2: FO12 | AB2: FO13 | AC2: FO14 | AD2: FO15 | AE2: FO16 | AF2: FO17 | AG2: FO18 | AH2: FO19 | AI2: FO20 | AJ2: FO21 | AK2: FO22 | AL2: FO23 | AM2: FO24 | AN2: FO25 | AO2: FO26 | AP2: FO27 | AQ2: FO28 | AR2: FO29 | AS2: FO30 | AT2: FO31 | AU2: FO32 | AV2: FO33 | AW2: FO34 | AX2: FO35 | AY2: FO36 | AZ2: FO37 | BA2: FO38 | BB2: FO39 | BC2: FO40
B3: restanques 2 | C3: ovatis | D3: 0 | E3: 0.05 | F3: 0 | G3: 170000 | H3: 13000 | O3: =IF(G3="","",G3+H3+I3+J3+K3+L3+M3+N3) -> 183000 | P3: b2m | Q3: ciffreo bona | R3: interim nation | S3: simc | T3: point p
B4: la diane | C4: eiffage | D4: 0 | E4: 0.05 | F4: 0 | G4: 500000 | O4: =IF(G4="","",G4+H4+I4+J4+K4+L4+M4+N4) -> 500000 | P4: interim nation | Q4: simc
B5: cfa | C5: api cfa | D5: 0.2 | E5: 0.05 | F5: 0 | G5: 60000 | O5: =IF(G5="","",G5+H5+I5+J5+K5+L5+M5+N5) -> 60000 | P5: kiloutou | Q5: pancha construcoes | R5: interim nation | S5: b2m | T5: point p
O6: =IF(G6="","",G6+H6+I6+J6+K6+L6+M6+N6)
